 Dungeon Crawl Stone Soup version 0.31-a0-216-g22e908daa7 (webtiles) character file.

Game seed: 16113639707551229175

322 qw the Chopper (level 6, -12/38 HPs)
             Began as a Gargoyle Fighter on July 2, 2023.
             Killed by divine providence
             ... invoked by an orc priest
              (16 damage)
             ... on level 4 of the Dungeon.
             The game lasted 00:01:11 (2809 turns).

qw the Chopper (Gargoyle Fighter)                   Turns: 2809, Time: 00:01:12

Health: -12/38     AC: 14    Str: 20 (22) XL:     6   Next: 47%
Magic:  6/6        EV:  5    Int:  7 (8)  God:
Gold:   252        SH:  4    Dex:  8 (9)  Spells: 5/5 levels left

rFire   . . .        Y - +0 war axe
rCold   + . .        c - +0 buckler
rNeg    + . .        o - +1 chain mail {rC+}
rPois   inf          (no helmet)
rElec   +            (no cloak)
rCorr   .            (no gloves)
SInv    .            (no boots)
Will    .....        (no amulet) Stlth
                     (no ring)
HPRegen 0.26/turn    (no ring)
MPRegen 0.10/turn

%: no passive effects
@: about to teleport, constricted
A: sickness immunity, AC +4, negative energy resistance 1, electricity
resistance, torment resistance 1, petrification resistance
a: no special abilities


You were on level 4 of the Dungeon.
You visited 1 branch of the dungeon, and saw 4 of its levels.

You collected 252 gold pieces.


Innate Abilities, Weirdness & Mutations

You are immune to sickness and miasma.
Your stone body is resilient. (AC +4)
You are immune to poison.
You resist negative energy. (rN+)
You are resistant to electric shocks. (rElec)
You are resistant to unholy torment.
You are immune to petrification.


   Skills:
 - Level 4.2 Fighting
 + Level 5.1 Axes
 - Level 1.3 Throwing
 - Level 3.2 Armour
 - Level 1.0 Dodging
 - Level 3.2 Shields


You had 5 spell levels left.
You didn't know any spells.
Your spell library was empty.

Inventory:

Hand Weapons
 e - a +0 flail
 Y - a +0 war axe (weapon)
Missiles
 h - 11 boomerangs
 n - 2 silver javelins (quivered)
Armour
 c - a +0 buckler (worn)
 o - a +1 chain mail of cold resistance (worn)
Potions
 a - a potion of enlightenment {unknown}
 b - a potion of brilliance {unknown}
 d - 2 potions of might
 g - a potion of invisibility {unknown}
 i - a potion of resistance {unknown}
 j - a potion of mutation {unknown}

Dungeon Overview and Level Annotations

Branches:
Dungeon (4/15)
 Temple: D:4-7

Altars:

Annotations:
D:2 1 runed translucent door, Crazy Yiuf


Message History

You hear an angry hiss.
Enter note: You slash the gnoll!
The gnoll is almost dead.
You slash the orc!
You kill the orc!
The gnoll barely misses you. x2
The orc priest invokes the aid of Beogh against you.
Beogh smites you! The ball python barely misses you.
You block the ball python's attack.
You closely miss the gnoll.
The gnoll is almost dead.
You barely miss the ball python. The ball python misses you.
The ball python grabs you. The ball python constricts you.
You block the gnoll's attack.
The gnoll drinks a potion.
The gnoll seems to grow stronger.
The orc priest invokes the aid of Beogh against you.
Beogh smites you! You block the ball python's attack.
The ball python constricts you.
The orc priest invokes the aid of Beogh against you.
Beogh smites you! The gnoll completely misses you.
The gnoll hits you but does no damage.
2807 ||| READING scroll of teleportation.
As you read the scroll of teleportation, it crumbles to dust.
You feel strangely unstable.
The ball python bites you but does no damage.
The ball python constricts you. The gnoll completely misses you.
The gnoll hits you but does no damage.
You closely miss the ball python. You slash the gnoll!
You kill the gnoll!
The ball python bites you but does no damage.
The ball python constricts you. The gnoll hits you but does no damage.
You hit the ball python.
The ball python is moderately wounded.
You hit the orc.
The ball python bites you but does no damage.
The ball python constricts you.
The orc priest mumbles some strange prayers to Beogh against you.
Beogh smites you!
You die...

########## . #........#
.. #...[....# ...
#........# ...o
#........#### .....
#........#...
#...h######........#...
#..ogS@................
......o.#############...
........# #... ........#
#... ........# ###.
........# #. ........#
#. ........# #########.
#.........


You could see a hound, an orc priest, a gnoll, 2 orcs and a ball python.

Vanquished Creatures
  2 scorpions
  An orc priest (D:3)
  Terence (D:3)
  3 adders
  5 gnolls
  2 worms (D:3)
  2 dart slugs
  5 orcs
  4 endoplasms
  6 giant cockroaches
  5 goblins
  4 hobgoblins
  3 jackals (D:2)
  5 kobolds
  2 quokkas
  6 ball pythons
  2 frilled lizards
  6 rats
64 creatures vanquished.

Notes
Turn   | Place    | Note
-------+----------+-------------------------------------------
     0 | D:1      | qw the Gargoyle Fighter began the quest for the Orb.
     0 | D:1      | Reached XP level 1. HP: 14/14 MP: 1/1
     0 | D:1      | 0 ||| qw: Version: 0.3-a-35-g05ef00e
     0 | D:1      | 0 ||| qw: Game counter: 7810
     0 | D:1      | 0 ||| qw: Melee chars always use a shield: true
     0 | D:1      | 0 ||| qw: God list: Okawaru
     0 | D:1      | 0 ||| qw: Allow faded altars: false
     0 | D:1      | 0 ||| qw: Do Orc after clearing Dungeon:15 true
     0 | D:1      | 0 ||| qw: Do second Lair branch before Depths: true
     0 | D:1      | 0 ||| qw: Lair rune preference: random
     0 | D:1      | 0 ||| qw: Goals: Normal, Zot:1-4, Slime:5, God:TSO, Crypt,
                  | Tomb, Abyss, Pan, Hells, Win
     0 | D:1      | 0 ||| PLANNING D:1-11
    40 | D:1      | Reached skill level 2 in Axes
    78 | D:1      | 78 ||| Stepping ~*~*~tactically~*~*~ (stealth).
    79 | D:1      | 79 ||| Stepping ~*~*~tactically~*~*~ (stealth).
   161 | D:1      | Reached XP level 2. HP: 19/19 MP: 2/2
   880 | D:1      | 880 ||| DROPPING +0 club.
   907 | D:1      | Reached skill level 3 in Axes
   936 | D:1      | Reached XP level 3. HP: 23/23 MP: 3/3
   938 | D:1      | 938 ||| DROPPING orb of wrath.
   939 | D:1      | 939 ||| READING scroll labelled UFUCU HIKHEX.
   942 | D:1      | 942 ||| READING scroll labelled LEOTRO EMIO.
   943 | D:1      | 943 ||| READING scroll labelled WARIUWA OLUIVA.
   997 | D:2      | 997 ||| DROPPING +3 mace.
  1098 | D:2      | Noticed a scorpion
  1107 | D:2      | Killed a scorpion
  1108 | D:2      | Reached skill level 4 in Axes
  1108 | D:2      | Reached XP level 4. HP: 28/28 MP: 4/4
  1237 | D:2      | Found a runed translucent door.
  1238 | D:2      | Noticed Crazy Yiuf
  1460 | D:2      | 1460 ||| UPGRADING to +4 ring mail.
  1470 | D:2      | 1470 ||| DROPPING +0 scale mail.
  1471 | D:2      | 1471 ||| READING scroll labelled MOMMADWAWAZ.
  1472 | D:2      | 1472 ||| READING scroll labelled TYGU ZATEMEEX.
  1473 | D:2      | 1473 ||| READING scroll labelled QYAL XIGUI.
  1474 | D:2      | 1474 ||| READING scroll labelled WUROWOXYXE.
  1542 | D:3      | 1542 ||| Stepping ~*~*~tactically~*~*~ (stealth).
  1576 | D:3      | Identified the +4 spear of Sitapurch {heavy, Str+9 Int-5
                  | Dex-2}
  1613 | D:3      | Reached XP level 5. HP: 32/32 MP: 5/5
  1657 | D:3      | Reached skill level 1 in Throwing
  1918 | D:3      | Reached skill level 5 in Axes
  1989 | D:3      | 1989 ||| Stepping ~*~*~tactically~*~*~ (hiding).
  1990 | D:3      | 1990 ||| Stepping ~*~*~tactically~*~*~ (hiding).
  1992 | D:3      | 1992 ||| Stepping ~*~*~tactically~*~*~ (hiding).
  2192 | D:3      | Noticed Terence
  2201 | D:3      | Killed Terence
  2202 | D:3      | Reached skill level 1 in Dodging
  2258 | D:3      | Reached XP level 6. HP: 37/37 MP: 6/6
  2518 | D:3      | 2518 ||| DROPPING +0 ring mail of fire resistance.
  2519 | D:3      | 2519 ||| UPGRADING to +1 chain mail of cold resistance.
  2529 | D:3      | 2529 ||| DROPPING +4 ring mail.
  2530 | D:3      | 2530 ||| READING scroll labelled WAROJUERRI.
  2531 | D:3      | 2531 ||| DRINKING 3 white potions.
  2532 | D:3      | 2532 ||| DROPPING 2 potions of degeneration.
  2644 | D:4      | 2644 ||| Stepping ~*~*~tactically~*~*~ (hiding).
  2799 | D:4      | 2799 ||| Stepping ~*~*~tactically~*~*~ (stealth).
  2806 | D:4      | HP: 3/38 [orc priest/divine providence (13)]
  2807 | D:4      | 2807 ||| READING scroll of teleportation.
  2809 | D:4      | Killed from afar by an orc priest

Levels and vault maps discovered:
D:1:      minmay_arrival_stair_chambers, layout_basic
D:2:      layout_rooms, chequers_serial_rivers_room_b, serial_bayou_pond_a,
          uniq_crazy_yiuf_cottage
D:3:      layout_basic, hangedman_decor_opposing, uniq_terence
D:4:      layout_basic, nicolae_overflow_hallway_of_the_gods, uniq_menkaure,
          uniq_edmund

Skill      XL: |  1  2  3  4  5  6 |
---------------+-------------------+-----
Axes           | 2 3 4 5 |  5.1
Throwing       | 1 |  1.3
Dodging        | 1 |  1.0
Fighting       | 4 |  4.2
Armour         | |  3.2
Shields        | |  3.2

Action                     |  1- 3 |  4- 6 || total
---------------------------+-------+-------++-------
  Melee: War axe           |    85 |    58 ||   143
  Throw: Boomerang         |     2 |     5 ||     7
         Javelin           |       |    37 ||    37
    Use: Scroll            |     3 |     6 ||     9
         Potion            |       |     1 ||     1
 Armour: Scale mail        |    48 |     3 ||    51
         Ring mail         |       |    15 ||    15
         Chain mail        |       |    14 ||    14
  Dodge: Dodged            |    30 |    27 ||    57
  Block: Buckler           |    15 |    10 ||    25

Table legend:
 A = Non-vault XP
 B = Vault XP
 C = Vault XP percentage of total XP
 D = Non-vault monster count
 E = Vault monster count
 F = Vault count percentage of total count
                 A         B        C        D         E       F
            +---------+---------+-------+---------+---------+-------
      Total |     429 |      32 |   6.9 |      63 |       1 |   1.6
            +---------+---------+-------+---------+---------+-------
        D:1 |      35 |       0 |   0.0 |      19 |       0 |   0.0
        D:2 |     118 |       0 |   0.0 |      12 |       0 |   0.0
        D:3 |     151 |      32 |  17.5 |      23 |       1 |   4.2
        D:4 |     125 |       0 |   0.0 |       9 |       0 |   0.0
            +---------+---------+-------+---------+---------+-------
